[Event "26th Troya Open 2018"]
[Site "Canakkale"]
[Date "2018.08.10"]
[Round "8.3"]
[White "Darban, Morteza"]
[Black "Abdulla, Khayala"]
[Result "1-0"]
[ECO "C00"]
[WhiteElo "2331"]
[BlackElo "2245"]
[Annotator "ChessBase"]
[PlyCount "71"]
[EventDate "2018.08.06"]
[EventType "swiss"]
[EventCountry "TUR"]
[SourceTitle "playchess.com"]
[Source "ChessBase"]
[SourceQuality "1"]
[TimeControl "5400+30"]

1. Nf3 Nf6 2. d3 d5 3. g3 e6 4. Bg2 c5 5. O-O Nc6 6. Nbd2 Be7 7. e4 dxe4 8. dxe4 e5 9. c3 O-O 10. Qe2 Qc7 11. Nc4 b5 12. Ne3 Rd8 13. Qxb5 a5 14. Qa4 Ba6 15. Re1 Rab8 16. Nd2 Bb5 17. Qd1 Bd3 18. Nd5 Nxd5 19. exd5 Na7 20. c4 Nc8 21. b3 Nd6 22. Nf3 Bf6 23. Nxe5 Bxe5 24. Rxe5 Bg6 25. Bf4 a4 26. h4 h6 27. h5 Bh7 28. Qg4 Kf8 29. Rae1 axb3 30. axb3 Rxb3 31. Re7 Qb6 32. Be5 Nf5 33. Bc7 Nxe7 34. Bxb6 Rxb6 35. Qf4 Rbd6 36. Qe3 1-0

[Event "26th Troya Open 2018"]
[Site "Canakkale"]
[Date "2018.08.10"]
[Round "8.4"]
[White "Al Shabibi, Mohammed Sultan"]
[Black "Arat, Ufuk Sezen"]
[Result "0-1"]
[ECO "B07"]
[WhiteElo "1382"]
[BlackElo "2386"]
[Annotator "NA"]
[PlyCount "96"]
[EventDate "2018.08.06"]
[EventType "swiss"]
[EventCountry "TUR"]
[SourceTitle "playchess.com"]
[Source "ChessBase"]
[SourceQuality "1"]
[TimeControl "5400+30"]

1. e4 g6 2. d4 d6 3. Nc3 Nf6 4. Bg5 h6 5. Bxf6 {[%emt 0:04:30] LiveBook: 14 Games B07: Pirc-Ufimzew-Verteidigung} (5. Bf4 Bg7 6. Qd2 g5 7. Bg3 Nh5 8. O-O-O c6 9. Nge2 b5 10. f4 Qa5 11. a3 Nd7 12. Kb1 Nb6 13. fxg5 Nc4 14. Qd3 hxg5 15. Nc1 Qb6 16. Nb3 {0-1 (38) Amin,B (2689)-Petrosian,T (2601) Riadh 2017}) 5... exf6 6. Nf3 Bg7 7. Bb5+ c6 8. Bd3 Qb6 $146 ({Vorgänger:} 8... O-O 9. O-O Bg4 10. h3 Bd7 11. Qd2 Na6 12. Ne2 Nc7 {½-½ (55) Chovan,M (2093)-Koval,M (2098) Slovakia 2015}) 9. Na4 Qa5+ 10. c3 b5 11. O-O bxa4 12. b4 axb3 13. Qxb3 O-O 14. Nd2 Ba6 15. Nc4 Bxc4 16. Bxc4 Nd7 17. Qb7 Nb6 18. Bb3 Qxc3 19. Rac1 Qxd4 20. Rxc6 Rac8 21. Rxc8 Rxc8 22. Qxf7+ Kh7 23. Qxa7 Re8 24. h4 h5 ({Schwächer ist} 24... Rxe4 {[#]} 25. h5 $1 $17 ) 25. Rd1 Qc5 ({Stronger than} 25... Qxe4 26. Qxb6 Qxh4 27. Qxd6 $11) 26. Qb7 {[%emt 0:00:30] [#]} d5 $1 27. Bxd5 Nxd5 28. Qxd5 Qxd5 29. exd5 Bf8 30. d6 Rd8 31. d7 Kg7 32. f3 Kf7 33. g4 Ke6 34. Kf2 Bd6 35. gxh5 gxh5 36. Rb1 Rxd7 37. Rb5 f5 38. Ra5 {[%emt 0:01:19] [#]} Ra7 $1 39. Rxa7 Bc5+ 40. Kg3 Bxa7 41. a4 Bb8+ 42. Kg2 Bc7 43. Kf2 Ke5 44. Ke2 Kf4 45. Kf2 Bd8 46. Kg2 Bxh4 47. a5 Bd8 48. a6 Bb6 0-1

[Event "26th Troya Open 2018"]
[Site "Canakkale"]
[Date "2018.08.10"]
[Round "8.7"]
[White "Lomsadze, Davit"]
[Black "Soyunlu, Narmin"]
[Result "1-0"]
[ECO "A09"]
[WhiteElo "2352"]
[BlackElo "2061"]
[Annotator "ChessBase"]
[PlyCount "79"]
[EventDate "2018.08.06"]
[EventType "swiss"]
[EventCountry "TUR"]
[SourceTitle "playchess.com"]
[Source "ChessBase"]
[SourceQuality "1"]
[TimeControl "5400+30"]

1. Nf3 Nf6 2. g3 d5 3. Bg2 c5 4. O-O Nc6 5. c4 d4 6. d3 e5 7. a3 a5 8. e4 dxe3 9. Bxe3 Be7 10. Nc3 O-O 11. Re1 Bg4 12. h3 Bh5 13. g4 Bg6 14. Qb3 Nd4 15. Bxd4 exd4 16. Nd5 Nxd5 17. cxd5 Bd6 18. Ne5 a4 19. Qb5 Qc7 20. f4 f6 21. Nxg6 hxg6 22. f5 Ra5 23. Qc4 g5 24. Re4 b5 25. Qc2 Be5 26. Rae1 c4 27. Kh1 Rc8 28. Qd2 c3 29. bxc3 Qxc3 30. Qe2 Qc7 31. h4 Qc2 32. Rxe5 fxe5 33. Qxe5 Qf2 34. d6 b4 35. Qe6+ Kh7 36. d7 Qxh4+ 37. Kg1 Rf8 38. Qg6+ Kg8 39. Re8 Ra8 40. f6 1-0

[Event "26th Troya Open 2018"]
[Site "Canakkale"]
[Date "2018.08.10"]
[Round "8.8"]
[White "Guseynov, Alihan"]
[Black "Yasin, Hur"]
[Result "1-0"]
[ECO "A39"]
[WhiteElo "2329"]
[BlackElo "2023"]
[Annotator "ChessBase"]
[PlyCount "61"]
[EventDate "2018.08.06"]
[EventType "swiss"]
[EventCountry "TUR"]
[SourceTitle "playchess.com"]
[Source "ChessBase"]
[SourceQuality "1"]
[TimeControl "5400+30"]

1. Nf3 Nf6 2. c4 c5 3. Nc3 Nc6 4. d4 cxd4 5. Nxd4 g6 6. g3 Bg7 7. Bg2 O-O 8. O-O Nxd4 9. Qxd4 d6 10. Qd3 Re8 11. Bd2 Bf5 12. e4 Bd7 13. Rac1 Bc6 14. Nd5 Nd7 15. Bc3 Nc5 16. Qe3 Bxc3 17. Rxc3 a5 18. e5 Rc8 19. Bh3 Rb8 20. Rd1 b6 21. e6 Bxd5 22. Rxd5 f6 23. Qh6 Ne4 24. Re3 Ng5 25. Bf1 Qc8 26. h4 Nxe6 27. Bh3 f5 28. Rxf5 Qxc4 29. Rxe6 gxf5 30. Bxf5 Rbc8 31. Bxh7+ 1-0

[Event "26th Troya Open 2018"]
[Site "Canakkale"]
[Date "2018.08.10"]
[Round "8.10"]
[White "Aliyev, Elnur"]
[Black "Kirilmaz, Emre"]
[Result "1-0"]
[ECO "D37"]
[WhiteElo "2190"]
[BlackElo "1895"]
[Annotator "NA"]
[PlyCount "53"]
[EventDate "2018.08.06"]
[EventType "swiss"]
[EventCountry "TUR"]
[SourceTitle "playchess.com"]
[Source "ChessBase"]
[SourceQuality "1"]
[TimeControl "5400+30"]

1. c4 e6 2. Nc3 d5 3. d4 Nf6 4. Nf3 Be7 5. Bf4 a6 6. e3 O-O 7. c5 Nc6 8. Rc1 {[%emt 0:00:00] D37: Damengambit (5.Lf4)} (8. a3 Nh5 9. Bd3 Nxf4 10. exf4 Bf6 11. Ne2 g6 12. O-O Bg7 13. b4 f6 14. Qb3 e5 15. Be4 Be6 16. dxe5 {1-0 (33) David,A (2608)-Dervishi,E (2557) Fermo 2010}) 8... Bd7 9. Bd3 b6 10. cxb6 cxb6 11. Ne5 $146 ({Vorgänger:} 11. h3 Na5 12. O-O Nc4 13. Qe2 b5 14. b3 Nd6 15. Ne5 Be8 {1-0 (26) Bogoljubow,E-Spielmann,R Triberg 1921}) 11... b5 12. O-O Rc8 13. Bb1 Nxe5 14. dxe5 Ne8 15. Ne2 Rxc1 16. Qxc1 Qc7 17. Nd4 a5 18. Qd2 g6 19. Rc1 Qa7 20. Bd3 Nc7 21. Qc3 $16 Na6 22. Bxb5 Bxb5 23. Nxb5 Qb6 24. Nd6 h5 25. Nc8 Rxc8 26. Qxc8+ Kh7 27. Qe8 1-0

[Event "26th Troya Open 2018"]
[Site "Canakkale"]
[Date "2018.08.10"]
[Round "8.11"]
[White "Sahin, Handenur"]
[Black "Demirbag, Alihan"]
[Result "1/2-1/2"]
[ECO "B22"]
[WhiteElo "1984"]
[BlackElo "2036"]
[Annotator "NA"]
[PlyCount "91"]
[EventDate "2018.08.06"]
[EventType "swiss"]
[EventCountry "TUR"]
[SourceTitle "playchess.com"]
[Source "ChessBase"]
[SourceQuality "1"]
[TimeControl "5400+30"]

1. e4 c5 2. c3 d6 3. d4 Nf6 4. dxc5 Nc6 5. Qc2 dxc5 6. Bf4 g6 {[%emt 0:00:30] B22: Sicilian: 2 c3} (6... Nh5 7. Be3 e5 8. Qd1 Qxd1+ 9. Kxd1 f5 10. f3 fxe4 11. fxe4 Nf6 12. Nd2 Ng4 13. Ke2 Nxe3 14. Kxe3 {½-½ (69) Stevic,H (2607)-Jones,G (2650) Dubai 2014}) 7. Nf3 {[%emt 0:00:30] LiveBook: 3 Games} Bg7 8. Be2 O-O 9. O-O Bg4 $146 ({Predecessor:} 9... Bd7 10. Nbd2 Nh5 11. Be3 b6 12. Nc4 Qc7 13. Rfd1 Rad8 14. Qc1 Bc8 15. Rxd8 Rxd8 {1-0 (72) Stavrianakis,I (2240)-Foisor,C (2424) Chalkida 2009}) 10. Rd1 Qc8 11. h3 Be6 12. Na3 Nd7 13. Nc4 Bxc4 14. Bxc4 Nde5 15. Nxe5 Nxe5 16. Be2 Qe6 (16... Qc7 $14) 17. Rd5 b6 18. Rad1 h5 19. Bg3 Nc6 20. Bc4 Na5 21. Bb5 Nc6 22. Qa4 (22. Qe2 $18) 22... Ne5 23. f4 a6 24. Be2 ({And not} 24. fxe5 axb5 25. Qxb5 Rxa2 $11) ({Resist} 24. Bxa6 $6 b5 $14) 24... b5 25. Qc2 Nc4 26. Bxc4 ({Stronger than} 26. Rxc5 Ne3 $17) 26... bxc4 27. Rxc5 Rac8 28. Rcd5 Rb8 29. Bf2 Qc6 30. Qe2 e6 31. Rc5 Qa4 32. Rd2 Rfc8 33. a3 Rxc5 34. Bxc5 Qb5 35. Bd4 Rc8 36. Bxg7 Kxg7 37. Qe3 Kg8 38. Qd4 h4 39. Qf2 Qh5 $18 40. Rd7 Rb8 41. Qd4 Qe2 42. Rd8+ Rxd8 43. Qxd8+ Kg7 44. Qd4+ Kg8 45. Qd8+ Kg7 46. Qd4+ 1/2-1/2

[Event "26th Troya Open 2018"]
[Site "Canakkale"]
[Date "2018.08.08"]
[Round "8.12"]
[White "Yildizak, Goksel"]
[Black "Gokbulut, Julia"]
[Result "1/2-1/2"]
[ECO "E06"]
[WhiteElo "1910"]
[BlackElo "2076"]
[Annotator "NA"]
[PlyCount "62"]
[EventDate "2018.08.06"]
[EventType "swiss"]
[EventCountry "TUR"]
[SourceTitle "playchess.com"]
[Source "ChessBase"]
[SourceQuality "1"]
[TimeControl "5400+30"]

1. d4 Nf6 2. Nf3 e6 3. g3 d5 4. Bg2 Be7 5. O-O O-O 6. c4 c6 7. b3 b5 {[%emt 0:03:30] E06: Katalanisch} (7... b6 8. Bb2 Nbd7 9. Qc2 Bb7 10. Nc3 Rc8 11. e4 Nxe4 12. Nxe4 dxe4 13. Qxe4 Nf6 14. Qc2 c5 15. Rad1 cxd4 16. Rxd4 Qc7 17. Rfd1 Rfd8 18. Qe2 h6 19. Ne5 Rxd4 20. Rxd4 Bxg2 21. Kxg2 {1-0 (69) Mamedyarov,S (2772)-Vitiugov,N (2731) Sochi 2017}) 8. Ne5 bxc4 9. bxc4 Nfd7 10. Nxd7 Nxd7 11. cxd5 cxd5 12. e4 $146 ({Vorgänger:} 12. Nc3 Nf6 13. Bd2 Bd7 14. e4 Nxe4 15. Nxe4 dxe4 16. Bxe4 Rc8 17. Be3 Bc6 18. Bxc6 Rxc6 {½-½ (18) Radusinovic,L (2357)-Stankovic,M (2416) Dvorovi 2016}) 12... Nb6 13. Ba3 Bxa3 14. Nxa3 Ba6 15. Re1 Qd6 16. Nc2 dxe4 17. Rxe4 Rac8 18. Rh4 h6 19. Ne3 f5 (19... Nc4 $15 20. Qb3 Nxe3 21. Qxe3 Rc2) 20. d5 Rcd8 21. dxe6 Qe5 22. Qe1 Qxe6 23. Qa5 Bd3 $16 24. Qxa7 Be4 25. Bxe4 fxe4 26. Qb7 Rd4 27. Rg4 Rf7 28. Qb8+ Rf8 29. Qb7 Rf7 30. Qb8+ Rf8 31. Qb7 Rf7 1/2-1/2

[Event "26th Troya Open 2018"]
[Site "Canakkale"]
[Date "2018.08.10"]
[Round "8.13"]
[White "Sar, Can"]
[Black "Ceylan, Arda"]
[Result "1/2-1/2"]
[ECO "C42"]
[WhiteElo "1786"]
[BlackElo "1617"]
[Annotator "NA RC"]
[PlyCount "46"]
[EventDate "2018.08.06"]
[EventType "swiss"]
[EventCountry "TUR"]
[SourceTitle "playchess.com"]
[Source "ChessBase"]
[SourceQuality "1"]
[TimeControl "5400+30"]

1. e4 e5 2. Nf3 Nf6 3. Nxe5 d6 4. Nf3 Nxe4 5. Nc3 Nxc3 6. dxc3 Nd7 7. Be3 Ne5 8. Be2 Be7 9. Qd2 Be6 10. Nd4 Bc4 11. Nf5 O-O 12. Bd4 Bxe2 13. Qxe2 Bf6 14. Bxe5 Re8 15. O-O Rxe5 16. Qf3 d5 17. Rfe1 Qe8 18. Rxe5 Qxe5 19. Ne3 c6 20. Ng4 Qe7 21. Nxf6+ Qxf6 22. Qxf6 gxf6 23. Re1 Kf8 1/2-1/2

[Event "26th Troya Open 2018"]
[Site "Canakkale"]
[Date "2018.08.10"]
[Round "8.14"]
[White "Kocakaplan, Emre"]
[Black "Erkole, Melih Naci"]
[Result "1-0"]
[ECO "A85"]
[WhiteElo "1591"]
[BlackElo "1666"]
[Annotator "NA"]
[PlyCount "131"]
[EventDate "2018.08.06"]
[EventType "swiss"]
[EventCountry "TUR"]
[SourceTitle "playchess.com"]
[Source "ChessBase"]
[SourceQuality "1"]
[TimeControl "5400+30"]

1. Nf3 e6 2. c4 f5 3. d4 Nf6 4. Nc3 Bb4 5. Qc2 O-O 6. g3 d6 7. Bg2 Nbd7 8. O-O Bxc3 9. Qxc3 Ne4 10. Qc2 Ndf6 11. Nd2 d5 12. Nxe4 dxe4 13. Rd1 b6 14. Bf4 Bb7 15. Rab1 Qe7 16. b4 h6 17. h4 Rfc8 18. Qb2 Nh5 19. Qc1 Nxf4 20. Qxf4 Rd8 21. Qe5 Qd6 22. Qxd6 Rxd6 23. e3 Rad8 24. b5 a5 25. Bf1 Kf7 26. Rdc1 Rc8 27. c5 Rdd8 28. c6 Ba8 29. Bc4 Rd6 30. a4 Kf6 31. h5 g5 32. hxg6 Kxg6 33. Kg2 Kf6 34. Rh1 Rh8 35. Be2 Rdd8 36. Rbd1 Rd6 37. f3 exf3+ 38. Bxf3 Rh7 39. Kf2 Rh8 40. Rh4 Kg5 41. Rhh1 h5 42. Rh4 e5 43. dxe5 Re6 44. Rd7 Rxe5 45. Rxc7 Rc5 46. Rd4 Rc2+ 47. Ke1 Rc1+ 48. Kf2 Rc2+ 49. Be2 Ra2 50. Ra7 Rc2 51. Rc4 Ra2 52. c7 Rc8 53. Rxa8 Rxa8 54. c8=Q Rxc8 55. Rxc8 Rxa4 56. Rb8 Ra2 57. Rxb6 a4 58. Ra6 a3 59. Kf3 Ra1 60. Ra5 a2 61. Ra6 h4 62. gxh4+ Kxh4 63. Kf4 Kh3 64. Bf3 Kh2 65. Rh6+ Kg1 66. Kg3 1-0

[Event "26th Troya Open 2018"]
[Site "Canakkale"]
[Date "2018.08.08"]
[Round "8.15"]
[White "Pekdemir, Veysel"]
[Black "Istekli, Erdem"]
[Result "0-1"]
[ECO "B33"]
[WhiteElo "1617"]
[BlackElo "1713"]
[Annotator "NA"]
[PlyCount "90"]
[EventDate "2018.08.06"]
[EventType "swiss"]
[EventCountry "TUR"]
[SourceTitle "playchess.com"]
[Source "ChessBase"]
[SourceQuality "1"]
[TimeControl "5400+30"]

1. e4 c5 2. Nf3 Nc6 3. d4 cxd4 4. Nxd4 Nf6 5. Nc3 e5 6. Ndb5 d6 7. Bg5 a6 8. Na3 b5 9. Nd5 Be7 10. Bxf6 Bxf6 11. c3 Bg5 12. Nc2 O-O 13. Bd3 Be6 14. Nce3 g6 15. O-O Ne7 16. f4 exf4 17. Nxf4 Qb6 18. Qe2 Nc6 19. Kh1 Bxf4 20. Rxf4 Ne5 21. a3 Rac8 22. h4 Qc6 23. Rd1 Rcd8 24. h5 d5 25. exd5 Bxd5 26. Rdf1 Nxd3 27. Rd4 Nc5 28. Ng4 Ne4 29. Rxe4 Bxe4 30. Nf6+ Kg7 31. h6+ Kxh6 32. Nxe4 Rde8 33. Qd2+ Kg7 34. Nf6 Re6 35. Nd7 Rd8 36. Qd4+ f6 37. Rd1 Re7 38. Qg4 Rexd7 39. Re1 Qd6 40. Qf3 Qd5 41. Qg3 Qh5+ 42. Kg1 Rd1 43. Rxd1 Rxd1+ 44. Kf2 Qf5+ 45. Qf3 Qxf3+ 0-1

[Event "26th Troya Open 2018"]
[Site "Canakkale"]
[Date "2018.08.10"]
[Round "8.16"]
[White "Kirazci, Ugur Can"]
[Black "Ileri, Oktay"]
[Result "0-1"]
[ECO "B45"]
[WhiteElo "1537"]
[BlackElo "1697"]
[Annotator "NA RC"]
[PlyCount "72"]
[EventDate "2018.08.06"]
[EventType "swiss"]
[EventCountry "TUR"]
[SourceTitle "playchess.com"]
[Source "ChessBase"]
[SourceQuality "1"]
[TimeControl "5400+30"]

1. e4 c5 2. Nf3 e6 3. d4 cxd4 4. Nxd4 Nf6 5. Nc3 Nc6 6. Nxc6 bxc6 7. e5 Nd5 8. Nxd5 cxd5 9. Be3 d6 10. exd6 Bxd6 11. c4 Qa5+ 12. Bd2 Qb6 13. Bc3 Bc5 14. Bxg7 Bxf2+ 15. Kd2 Rg8 16. Bf6 Rg6 17. Qf3 Rxf6 18. Qxf6 Bd4 19. Qg5 Qxb2+ 20. Kd3 Qc3+ 21. Ke2 Qxa1 22. Qg8+ Ke7 23. Qxh7 Ba6 24. Qh4+ Bf6 25. Qf4 Bxc4+ 26. Kd2 Qxa2+ 27. Ke3 Qb3+ 28. Kf2 Qc2+ 29. Kf3 Bxf1 30. Rxf1 Qd3+ 31. Kf2 Rc8 32. Qb4+ Ke8 33. Qa4+ Kf8 34. Qb4+ Be7 35. Qf4 Bc5+ 36. Ke1 Qe3+ 0-1

[Event "26th Troya Open 2018"]
[Site "Canakkale"]
[Date "2018.08.10"]
[Round "8.17"]
[White "Gurses, Ayberk"]
[Black "Altundasar, Yigit Bora"]
[Result "0-1"]
[ECO "B20"]
[WhiteElo "1660"]
[BlackElo "1538"]
[Annotator "NA"]
[PlyCount "88"]
[EventDate "2018.08.06"]
[EventType "swiss"]
[EventCountry "TUR"]
[SourceTitle "playchess.com"]
[Source "ChessBase"]
[SourceQuality "1"]
[TimeControl "5400+30"]

1. e4 c5 2. b3 d6 3. Bb2 e6 4. f4 Nf6 5. Nc3 g6 6. d4 Be7 7. dxc5 dxc5 8. Qf3 Bf8 9. e5 Nd5 10. O-O-O Bg7 11. Nxd5 exd5 12. Rxd5 Qc7 13. Ba3 O-O 14. Bxc5 Re8 15. Bd6 Qb6 16. Bb5 Nc6 17. Bxc6 bxc6 18. Rc5 Bb7 19. Qc3 a5 20. a4 Re6 21. Qe3 Rd8 22. Rc3 Qxe3+ 23. Rxe3 Rdxd6 24. exd6 Rxe3 25. d7 Bf6 26. Nf3 Bd8 27. Ne5 f6 28. Kd2 Re4 29. Nd3 Rd4 30. Kc3 Rxd7 31. Nc5 Re7 32. Rd1 Bb6 33. Nxb7 Rxb7 34. Rd6 Kf7 35. Rxc6 Rc7 36. Rxc7+ Bxc7 37. g3 Ke6 38. Kc4 g5 39. fxg5 fxg5 40. Kb5 Kd7 41. c3 h5 42. b4 axb4 43. cxb4 Bxg3 44. hxg3 h4 0-1

[Event "26th Troya Open 2018"]
[Site "Canakkale"]
[Date "2018.08.10"]
[Round "8.18"]
[White "Ozkurt, Deniz"]
[Black "Ulupinar, Furkan"]
[Result "1/2-1/2"]
[ECO "B23"]
[WhiteElo "1635"]
[BlackElo "1412"]
[Annotator "NA"]
[PlyCount "97"]
[EventDate "2018.08.06"]
[EventType "swiss"]
[EventCountry "TUR"]
[SourceTitle "playchess.com"]
[Source "ChessBase"]
[SourceQuality "1"]
[TimeControl "5400+30"]

1. e4 c5 2. Nc3 Nc6 3. f4 g6 4. Nf3 Bg7 5. Bb5 e6 6. Bxc6 bxc6 7. d3 d5 8. e5 Rb8 9. O-O Ba6 10. b3 h5 11. Qe1 Bf8 12. Ba3 Bb5 13. Nd1 d4 14. Nf2 Qb6 15. Ne4 Nh6 16. Nf6+ Kd8 17. Ne4 Nf5 18. Kh1 Be7 19. Qd2 Ke8 20. Rae1 Rd8 21. Kg1 Kf8 22. Nfg5 Rd5 23. Nf3 Qa6 24. Qc1 Qb6 25. Nfd2 Qc7 26. Nc4 a5 27. Qd2 a4 28. Rb1 axb3 29. axb3 h4 30. Ra1 g5 31. fxg5 Bxc4 32. bxc4 Rxe5 33. Qf4 Bd6 34. Nxd6 Qxd6 35. Rae1 Rxe1 36. Qxd6+ Nxd6 37. Rxe1 Kg7 38. Bxc5 Nf5 39. Re4 Rd8 40. Kf2 Kg6 41. g4 hxg3+ 42. hxg3 Rd7 43. Kf3 Kxg5 44. g4 Ne3 45. Bxd4 Nxc2 46. Be3+ Kg6 47. Ke2 Nxe3 48. Kxe3 Kg5 49. d4 1/2-1/2

[Event "26th Troya Open 2018"]
[Site "Canakkale"]
[Date "2018.08.10"]
[Round "8.19"]
[White "Celik, Meric"]
[Black "Bozyaka, Altug"]
[Result "1-0"]
[ECO "B26"]
[WhiteElo "1471"]
[BlackElo "1649"]
[Annotator "NA"]
[PlyCount "89"]
[EventDate "2018.08.06"]
[EventType "swiss"]
[EventCountry "TUR"]
[SourceTitle "playchess.com"]
[Source "ChessBase"]
[SourceQuality "1"]
[TimeControl "5400+30"]

1. e4 c5 2. Nc3 d6 3. Nge2 Nf6 4. g3 Nc6 5. Bg2 g6 6. d3 Bg7 7. O-O O-O 8. h3 e6 9. Be3 Rb8 10. Qd2 b5 11. Bh6 b4 12. Na4 Bb7 13. Bxg7 Kxg7 14. a3 b3 15. c4 Qc7 16. Nac3 Rfd8 17. f4 Ne7 18. f5 exf5 19. exf5 d5 20. fxg6 fxg6 21. Qg5 Qd6 22. Nb5 Qb6 23. Nf4 Neg8 24. Rae1 Re8 25. Nc3 dxc4 26. dxc4 Bxg2 27. Kxg2 Rbd8 28. Ncd5 Qc6 29. Kh2 Ne4 30. Rxe4 h6 31. Qh4 g5 32. Nh5+ Kh8 33. Qg4 Rf8 34. Rxf8 Rxf8 35. Kg2 Qg6 36. Qe2 Qf5 37. g4 Qf7 38. Ng3 Nf6 39. Nxf6 Qxf6 40. Re6 Qd4 41. Qe5+ Qxe5 42. Rxe5 Rd8 43. Rd5 Rc8 44. Ne4 Re8 45. Kf3 1-0

[Event "26th Troya Open 2018"]
[Site "Canakkale"]
[Date "2018.08.10"]
[Round "8.20"]
[White "Cetinkaya, Umut Can"]
[Black "Buyukgokcesu, Tahir Sami"]
[Result "1-0"]
[ECO "B23"]
[WhiteElo "1593"]
[BlackElo "1585"]
[Annotator "NA RC"]
[PlyCount "31"]
[EventDate "2018.08.06"]
[EventType "swiss"]
[EventCountry "TUR"]
[SourceTitle "playchess.com"]
[Source "ChessBase"]
[SourceQuality "1"]
[TimeControl "5400+30"]

1. e4 c5 2. Nc3 Nc6 3. f4 d6 4. Bb5 Bd7 5. Bxc6 bxc6 6. Nf3 Nf6 7. O-O g6 8. Qe1 e6 9. e5 Nd5 10. Ne4 dxe5 11. fxe5 Be7 12. d3 h6 13. Qf2 Rh7 14. Nfd2 f5 15. exf6 Nxf6 16. Nxf6+ 1-0

[Event "26th Troya Open 2018"]
[Site "Canakkale"]
[Date "2018.08.10"]
[Round "8.21"]
[White "Cevizci, Yusuf Baran"]
[Black "Yilmaz, Kerem Tuna"]
[Result "1-0"]
[ECO "B31"]
[WhiteElo "1713"]
[BlackElo "1500"]
[Annotator "NA"]
[PlyCount "55"]
[EventDate "2018.08.06"]
[EventType "swiss"]
[EventCountry "TUR"]
[SourceTitle "playchess.com"]
[Source "ChessBase"]
[SourceQuality "1"]
[TimeControl "5400+30"]

1. e4 c5 2. Nf3 Nc6 3. Bb5 g6 4. O-O Bg7 5. Bxc6 bxc6 6. d4 cxd4 7. Nxd4 Nf6 8. Re1 O-O 9. c4 c5 10. Nc2 d6 11. Nc3 Bb7 12. Rb1 Rc8 13. Bg5 Qa5 14. Nd5 Bxd5 15. exd5 Rfe8 16. a3 Kf8 17. Qd3 Nd7 18. Qh3 Ne5 19. Qxh7 e6 20. Ne3 Nd3 21. Bh6 Bxh6 22. Qxh6+ Ke7 23. Red1 Ne5 24. dxe6 fxe6 25. Qg7+ Nf7 26. Nd5+ exd5 27. Re1+ Kd8 28. Qf6+ 1-0